 Dungeon Crawl Stone Soup version 0.16.1-30-g34a7ffa (webtiles) character file.

242 Inchmeat the Poker (level 6, -6/51 HPs)
             Began as a Hill Orc Fighter on June 19, 2015.
             Killed by divine providence
             ... invoked by an orc priest
              (17 damage)
             ... on level 5 of the Dungeon.
             The game lasted 00:07:23 (2298 turns).

Inchmeat the Poker (Hill Orc Fighter)               Turns: 2298, Time: 00:07:23

Health: -6/51      AC: 15    Str: 26    XL:     6   Next: 9%
Magic:  6/6        EV:  4    Int:  8    God:
Gold:   125        SH:  9    Dex: 10    Spells: 0 memorised, 5 levels left

rFire  + . .     SeeInvis .     a - +0 trident
rCold  . . .     Clarity  .     l - +0 plate armour
rNeg   . . .     SustAb   .     c - +0 shield
rPois  .         Gourm    .     k - +0 helmet
rElec  .         Spirit   .     q - +0 cloak
rCorr  .         Warding  .     h - +0 pair of gloves
rMut   .         Stasis   .     (no boots)
MR     .....                    (no amulet)
Stlth  ..........               (no ring)
                                s - ring of protection from fire

@: mighty, not resistant to hostile enchantments, extremely unstealthy
A: no striking features
a: Convert to Beogh


You were on level 5 of the Dungeon.
You were very hungry.

You visited 1 branch of the dungeon, and saw 5 of its levels.

You collected 125 gold pieces.

Inventory:

Hand weapons
 a - a +0 trident (weapon)
Armour
 b - a +0 scale mail
 c - a +0 shield (worn)
 h - a +0 pair of gloves (worn)
 k - a +0 helmet (worn)
 l - a +0 plate armour (worn)
 q - a +0 cloak (worn)
Jewellery
 s - a ring of protection from fire (left hand)
Scrolls
 e - a scroll of teleportation {unknown}
 f - a scroll of immolation {unknown}
 i - a scroll of identify {unknown}
 m - a scroll of noise {unknown}
 r - a scroll of magic mapping {unknown}
Potions
 j - a potion of agility {unknown}
 n - a potion of brilliance {unknown}
Comestibles
 d - 2 meat rations
 g - 2 beef jerkies


   Skills:
 - Level 3.6 Fighting
 * Level 6.5 Polearms
 + Level 3.6 Armour
 - Level 0.4 Dodging
 - Level 3.2 Shields


You had 5 spell levels left.
You didn't know any spells.

Dungeon Overview and Level Annotations

Branches:
Dungeon (5/15)
 Temple: D:4-7

Altars:
Fedhas

Shops:
D:4 *

Annotations:
D:3 SlowGraham's ghost, average TeMo
D:4 sscrono2's ghost, average OpAs


Message History

You closely miss the water moccasin zombie.
The water moccasin zombie barely misses you.
You hit the water moccasin zombie.
The water moccasin zombie bites you but does no damage.
You block the water moccasin zombie's attack.
You closely miss the water moccasin zombie.
The orc priest mumbles some strange prayers to Beogh against you.
Something smites you!
* * * LOW HITPOINT WARNING * * *
You block the water moccasin zombie's attack.
Your shield and plate armour prevent you from hitting the water moccasin zombie.
The water moccasin zombie bites you but does no damage.
Drink which item? (? for menu, Esc to quit)
You feel very mighty all of a sudden.
The water moccasin zombie bites you but does no damage.
You hit the water moccasin zombie.
You block the water moccasin zombie's attack.
The orc priest calls down the wrath of Beogh upon you.
Something smites you!
You die...

# #.###.#####.# #.#
#.# #.# #.#######.#
#.# #.##
#.....<...###.#####.).
....#...............#
#...###.###.#####.##
#.#...(.......###.# #
#.###.##........# #@#
#.....#.#####
#Z###.##.##.#
#o##...#.# .#
#o.....o.# #
#.##...#.# #.###.##.#
... .....# ..#. ?....#
##. ....Z...


You could see an orc priest, an orc and a water moccasin zombie.

Vanquished Creatures
  A jelly (D:5)
  A crimson imp (D:5)
  A hound (D:5)
  A worker ant (D:3)
  A worker ant zombie (D:5)
  3 adders (D:3)
  3 giant geckos
  An ooze (D:1)
  3 orcs
  6 bats
  6 hobgoblins
  4 jackals
  A quokka (D:4)
  5 giant cockroaches
  4 giant newts
  4 goblins
  10 kobolds
  9 rats
64 creatures vanquished.

Notes
Turn   | Place    | Note
--------------------------------------------------------------
     0 | D:1      | Inchmeat, the Hill Orc Fighter, began the quest for the Orb.
     0 | D:1      | Reached XP level 1. HP: 19/19 MP: 1/1
   178 | D:1      | Reached XP level 2. HP: 20/26 MP: 2/2
   400 | D:1      | Reached XP level 3. HP: 29/31 MP: 3/3
  1264 | D:2      | Found a blossoming altar of Fedhas.
  1271 | D:2      | Reached skill level 4 in Polearms
  1617 | D:3      | Reached XP level 4. HP: 17/39 MP: 4/4
  1634 | D:3      | Reached skill level 5 in Polearms
  1684 | D:3      | Noticed SlowGraham's ghost (average TeMo)
  1738 | D:4      | Noticed sscrono2's ghost (average OpAs)
  1755 | D:4      | Found Klinotud's Elemental Accessories.
  1817 | D:5      | Entered Level 5 of the Dungeon
  1869 | D:5      | Reached XP level 5. HP: 36/45 MP: 5/5
  1982 | D:5      | Reached skill level 6 in Polearms
  2028 | D:5      | Reached XP level 6. HP: 18/51 MP: 6/6
  2298 | D:5      | Killed from afar by an orc priest

Action                   |  1- 3 |  4- 6 || total
-------------------------+-------+-------++-------
Melee: Trident           |   187 |   123 ||   310
  Use: Potion            |       |     2 ||     2
  Eat: Chunk             |     3 |     1 ||     4
